AoeStats
← marius.zwei91

Hideout

508493623Analyzed
1v1 RM · 10d ago on Sep 22, 2026· 41m 38s· 2 players
Game mode
Random Map
Map size
Tiny (2 player)
Population
200
Speed
Normal
Resources
Standard
Victory
Conquest
Starting age
Dark Age
Ending age
Imperial Age
RankedLock teamsTeams togetherTeam positionsShared explorationLock speedFull tech treeHidden civsTurbo modeCheats
Victory
Defeat
🇫🇷 Wei · France
845
+13
🇩🇪 Ethiopians · Germany
782
-13
DTK
11:42 Feudal Age
16:36 Castle Age
14:47 Horse Collar
15:24 Double-Bit Axe
16:03 Gold Mining
16:03 Stone Mining
17:07 Forging
26:17 Padded Archer Armor
26:08 Fletching
27:36 Bodkin Arrow
27:57 Leather Archer Armor
28:31 Thumb Ring
29:29 Leather Archer Armor
35:26 Imperial Age
32:42 Loom
33:32 Wheelbarrow
32:43 Town Watch
33:37 Gold Shaft Mining
32:52 Stone Mining
33:14 Bow Saw
33:09 Heavy Plow
34:46 Iron Casting
34:16 Scale Barding Armor
34:15 Husbandry
35:54 Hand Cart
35:40 Town Patrol
36:12 Bloodlines
36:18 Heavy Hei Guang Cavalry
37:42 Conscription
38:24 Blast Furnace
37:45 Chain Barding Armor
39:14 Tuntian
marius.zwei91
7:51 Loom
11:11 Feudal Age
16:13 Castle Age
14:16 Man-at-Arms
15:42 Horse Collar
17:53 Double-Bit Axe
17:31 Long Swordsman
20:30 Forging
32:12 Elite Skirmisher
35:19 Padded Archer Armor
35:11 Fletching
37:15 Gold Mining
41:34 Imperial Age
Connection lost

Rejoining the realm…

Still unreachable

The connection could not be restored.

Session expired

The server has moved on; the page needs a fresh start.